 Dungeon Crawl Stone Soup version 0.23-a0-54-gae6112e (webtiles) character file.

9 Amnesiac the Conjurer (level 2, 0/19 HPs)
             Began as a Mummy Conjurer on Aug 8, 2018.
             Slain by an orc
             ... wielding a +0 hand axe
              (3 damage)
             ... on level 4 of the Dungeon.
             The game lasted 00:01:05 (325 turns).

Amnesiac the Conjurer (Mummy Conjurer)               Turns: 325, Time: 00:01:05

Health: 0/19       AC:  2    Str: 11    XL:     2   Next: 6%
Magic:  3/6        EV: 12    Int: 14    God:
Gold:   44         SH:  0    Dex: 12    Spells: 4/7 levels left

rFire    x . .     SeeInvis .   e - -3 hand axe (curse)
rCold    + . .     Gourm    .   (no shield)
rNeg     + + +     Faith    .   a - +0 robe
rPois    ∞         Spirit   .   (no helmet)
rElec    .         Reflect  .   (no cloak)
rCorr    .         Harm     .   (no gloves)
MR       .....                  (no boots)
Stlth    +.........             (no amulet)
HPRegen  0.06/turn              (no ring)
MPRegen  0.10/turn              (no ring)

@: confused
A: no food or potions, fire vulnerability, cold resistance 1, negative energy
resistance 3, torment resistance, unbreathing
a: no special abilities


You were on level 4 of the Dungeon.
You were not hungry.

You visited 1 branch of the dungeon, and saw 4 of its levels.

You collected 44 gold pieces.

Inventory:

Hand Weapons
 b - a +0 quarterstaff
 c - a +0 hunting sling
 e - a cursed -3 hand axe (weapon)
Armour
 a - a +0 robe (worn)
Scrolls
 d - a scroll of random uselessness {!r, unknown}


   Skills:
 + Level 1.6 Dodging
 - Level 1.5 Stealth
 + Level 3.3 Spellcasting
 * Level 3.3 Conjurations


You had 4 spell levels left.
You knew the following spells:

 Your Spells              Type           Power        Failure   Level  Hunger
a - Magic Dart            Conj           ##..         5%          1    N/A
d - Searing Ray           Conj           ##....       8%          2    N/A

Your spell library contained the following spells:

 Spells                   Type           Power        Failure   Level  Hunger
 Iskenderun's Mystic Bla  Conj           ##......     45%         4    N/A
 Fulminant Prism          Conj/Hex       #.........   71%         4    N/A
 Dazzling Spray           Conj/Hex       #.....       30%         3    N/A
 Force Lance              Conj/Tloc      #.......     71%         4    N/A

Dungeon Overview and Level Annotations

Branches:
Dungeon (4/15)
 Temple: D:4-7

Altars:
Ru


Innate Abilities, Weirdness & Mutations

You do not eat or drink.
Your flesh is vulnerable to fire.
You are immune to poison.
Your flesh is cold resistant. (rC+)
You are immune to negative energy. (rN+++)
You are immune to unholy pain and torment.
You can survive without breathing.


Message History

The magic dart hits the bat.
You kill the bat!
You have reached level 2!
Memorise Searing Ray, consuming 2 spell levels and leaving 4?
You start memorising the spell.
You continue memorising. x2
You finish memorising.
Spell assigned to 'b'.
Adjust (i)tems, (s)pells, or (a)bilities?
Adjust which spell? b - Searing Ray Adjust to which letter? d - Searing Ray
Found a stone staircase leading down.
There is a stone staircase leading down here.
You start resting.
Magic restored.
You climb downwards.
There is a stone staircase leading up here.
Unknown command.
A giant cockroach comes into view.
Found a puce potion.
A giant cockroach is nearby!
Casting: Magic Dart (safe; 5% risk of failure)
Confirm with . or Enter, or press ? or * to list all spells.
Aiming: Searing Ray (safe; 8% risk of failure)
Press: ? - help, Shift-Dir - straight line, f - giant cockroach
Aim: a giant cockroach (clinging, resting)
The searing ray hits the giant cockroach.
The giant cockroach is severely wounded. (Press . to maintain the ray.)
The searing ray hits the giant cockroach.
You kill the giant cockroach!
You start resting.
Magic restored.
You open the door.
There is an open door here.
Found a robe.
You open the door.
There is an open door here.
An orc comes into view. It is wielding a hand axe.
The orc moves out of view.
An orc wizard comes into view. It is wielding a dagger.
The orc wizard shouts!
The orc shouts!
You hear a shout!
Casting: Searing Ray (safe; 8% risk of failure)
Confirm with . or Enter, or press ? or * to list all spells.
Aiming: Searing Ray (safe; 8% risk of failure)
Press: ? - help, Shift-Dir - straight line, f - orc
Aim: an orc, wielding a hand axe and wearing a ring mail The searing ray hits the orc. (Press . to maintain the ray.)
The orc barely misses you.
The orc wizard casts a spell.
The orc wizard flickers and vanishes!
Deactivating autopickup; reactivate with Ctrl-A.
The searing ray misses the orc.
The searing ray hits something.
You hear some strange, mumbled words.
You are confused.
An orc comes into view.
A magic dart appears from out of thin air!
The magic dart hits you! The orc hits you with a hand axe.
* * * LOW HITPOINT WARNING * * *
The orc hits you with a hand axe.
* * * LOW HITPOINT WARNING * * *
The orc closely misses you. The orc hits you with a hand axe.
You die...

# ######## #.......
+....... ### #.......
.... #....... .....
##### ######.##+##
......##o..###...##.#
.......o@...........#
......##............#
..... ##............#
.... #.............#
... ##...###..#####
.. ..##...###..# .
........'....#
........#....#
.........#....#


You could see 2 orcs.

Vanquished Creatures
  A leopard gecko (D:3)
  3 bats
  A giant cockroach (D:4)
  2 goblins
7 creatures vanquished.

Notes
Turn   | Place    | Note
-------+----------+-------------------------------------------
     0 | D:1      | Amnesiac the Mummy Conjurer began the quest for the Orb.
     0 | D:1      | Reached XP level 1. HP: 13/13 MP: 4/4
   205 | D:3      | Found a sacrificial altar of Ru.
   219 | D:3      | Reached XP level 2. HP: 19/19 MP: 3/6
   223 | D:3      | Learned a level 2 spell: Searing Ray
   325 | D:4      | Slain by an orc

Vault maps used:
D:1:      lemuel_arrival_rhombus, serial_corexii_hall, corexii_hall_statues_i,
          corexii_hall_statues_u, minivault_19
D:2:      first_ration, guppyfry_early_orc_mine, uniq_sigmund
D:3:      nicolae_ru_sacrificial_ziggurat
D:4:      grunt_ashenzari_visionary

Skill      XL: |  1 |
---------------+----+-----
Spellcasting   | 3 |  3.3
Dodging        | |  1.6
Stealth        | |  1.5
Conjurations   | |  3.3

Action                   || total
-------------------------++-------
 Cast: Magic Dart        ||    13
       Searing Ray       ||     2
  Use: Scroll            ||     1
Dodge: Dodged            ||     2

Table legend:
 A = Spawn XP
 B = Non-spawn XP
 C = Spawn XP percentage of total XP
 D = Spawn monster count
 E = Non-spawn monster count
 F = Spawn count percentage of total count
 G = Total turns spent on level
                    A         B        C        D         E        F      G
               +---------+---------+-------+---------+---------+-------+---------
         Total |       0 |      14 |   0.0 |       0 |       7 |   0.0 |   325
               +---------+---------+-------+---------+---------+-------+---------
           D:1 |       0 |       4 |   0.0 |       0 |       2 |   0.0 |    59
           D:2 |       0 |       2 |   0.0 |       0 |       1 |   0.0 |    98
           D:3 |       0 |       6 |   0.0 |       0 |       3 |   0.0 |    82
           D:4 |       0 |       2 |   0.0 |       0 |       1 |   0.0 |    86
               +---------+---------+-------+---------+---------+-------+---------
